 Dungeon Crawl Stone Soup version 0.31-a0-875-g02e7d12 (webtiles) character file.

Game seed: 4915264288995614574

6171 Scaretemple the Frost Mage (level 10, -2/60 HPs)
             Began as an Octopode Ice Elementalist on Oct 11, 2023.
             Was an Elder of Vehumet.
             Slain by a yak (8 damage)
             ... on level 1 of the Lair of Beasts on Oct 12, 2023.
             The game lasted 02:10:55 (13469 turns).

Scaretemple the Frost Mage (OpIE)                  Turns: 13469, Time: 02:10:55

Health: -2/60      AC:  1    Str:  7    XL:     10   Next: 91%
Magic:  10/19      EV: 15    Int: 20    God:    Vehumet [****..]
Gold:   328        SH:  5    Dex: 15    Spells: 10/21 levels left

rFire   . . .        o - staff of death
rCold   . . .        (no shield)
rNeg    + . .        (helmet restricted)
rPois   .            j - amulet of reflection
rElec   .            B - ring of wizardry
rCorr   .            t - ring of flight
SInv    .            (no ring)
Will    .....        (no ring)
Stlth   +++++        (no ring)
HPRegen 0.30/turn    (no ring)
MPRegen 0.16/turn    (no ring)
                     (no ring)

%: reflection, wizardry (x1)
@: about to teleport, flying
A: almost no armour, amphibious, 8 rings, camouflage 1, gelatinous body 1,
(nimble swimmer 1), tentacles
a: Renounce Religion


You were on level 1 of the Lair of Beasts.
You worshipped Vehumet.
Vehumet was greatly pleased with you.
You visited 3 branches of the dungeon, and saw 12 of its levels.
You also visited: Sewer and Ossuary.

You collected 471 gold pieces.
You spent 143 gold pieces at shops.

Inventory:

Magical Staves
 o - a staff of death (weapon)
Jewellery
 j - an amulet of reflection (around mantle)
 t - a ring of flight (right tentacle)
 A - an amulet of regeneration
 B - a ring of wizardry (left tentacle)
Wands
 r - a wand of polymorph (5)
 x - a wand of mindburst (18)
 C - a wand of paralysis (8)
 D - a wand of acid (8)
Scrolls
 b - 2 scrolls of fear
 e - 6 scrolls of teleportation
 g - 3 scrolls of fog
 h - a scroll of enchant weapon
 i - 2 scrolls of amnesia
 k - a scroll of vulnerability
 p - 2 scrolls of revelation
 q - a scroll of summoning
 u - 7 scrolls of identify
 y - 3 scrolls of poison
 z - 2 scrolls of silence
 E - a scroll of immolation
 F - a scroll of enchant armour
Potions
 a - 2 potions of magic
 c - 5 potions of heal wounds
 d - 3 potions of enlightenment
 f - 3 potions of brilliance
 l - 3 potions of haste
 m - a potion of lignification
 n - 2 potions of degeneration
 s - 2 potions of mutation
 v - 3 potions of curing
 w - a potion of might


   Skills:
 - Level 2.0 Fighting
 + Level 5.9 Dodging
 - Level 7.1 Stealth
 - Level 6.3 Spellcasting
 - Level 8.0 Summonings
 - Level 10.5 Ice Magic


You had 10 spell levels left.
You knew the following spells:

 Your Spells              Type           Power      Damage    Failure   Level
a - Freeze                Ice            100%       1d10      1%          1
b - Summon Ice Beast      Ice/Summ       43%        N/A       1%          4
c - Frozen Ramparts       Ice            96%        1d15      1%          3
d - Ozocubu's Armour      Ice            48%        N/A       1%          3

Your spell library contained the following spells:

 Spells                   Type           Power      Damage    Failure   Level
 Sticky Flame             Conj/Fire      6%         2d3       12%         4
 Sandblast                Erth           12%        2d6       1%          1
 Stone Arrow              Conj/Erth      12%        3d7       3%          3
 Passwall                 Tmut/Erth      5%         N/A       6%          2
 Brom's Barrelling Bould  Conj/Erth      6%         2d3       12%         4


Dungeon Overview and Level Annotations

Branches:
Dungeon (10/15)            Temple (1/1) D:4            Lair (1/5) D:9
  Sewer (visited)         Ossuary (visited)
    Orc: D:9-12

Altars:
Ashenzari
Cheibriados
Dithmenos
Elyvilon
Fedhas
Gozag
Hepliaklqana
Kikubaaqudgha
Makhleb
Nemelex Xobeh
Okawaru
Qazlal
Ru
Sif Muna
Trog
Uskayaw
Vehumet
Wu Jian
Xom
Yredelemnul
Zin
The Shining One

Shops:
D:1 !

Annotations:
D:7 Menkaure
Lair:1 Urug


Innate Abilities, Weirdness & Mutations

You cannot wear most types of armour.
You are amphibious.
You can wear up to eight rings at the same time.
Your skin changes colour to match your surroundings (Stealth+).
Your rubbery body absorbs attacks. (AC +1, EV +1)
((You are camouflaged when in or above water. (Stealth+)))
You have tentacles for arms and can constrict up to eight enemies at once.


Message History

Something hits your ice beast!!
Your ice beast dies!
Your ice beast disappears in a puff of smoke!
Casting: Summon Ice Beast (dangerous; 1% risk of failure)
Confirm with . or Enter, or press ? or * to list all spells.
A chill wind blows around you.
Urug the Orcish Ballista comes into view.
She is wielding a +2 great mace.
A bullfrog comes into view.
The yak gores your ice beast!
Your ice beast hits the yak.
Your ice beast freezes the yak!
The yak gores your ice beast.
Your ice beast hits the yak.
Your ice beast freezes the yak!
The yak dies!
Vehumet accepts your kill.
The bullfrog releases a deep croak.
There is a staircase back to the Dungeon here.
The bullfrog hits your ice beast.
Your ice beast misses the bullfrog.
The bullfrog barely misses your ice beast.
Your ice beast hits the bullfrog.
Your ice beast freezes the bullfrog!
The bullfrog hits your ice beast.
Urug throws a javelin.
The javelin closely misses you.
Your ice beast hits the bullfrog.
Your ice beast freezes the bullfrog!
The bullfrog seems to slow down.
The bullfrog dies!
Vehumet accepts your kill.
Your ice beast barely misses Urug.
Casting: Summon Ice Beast (dangerous; 1% risk of failure)
Confirm with . or Enter, or press ? or * to list all spells.
A chill wind blows around you.
Your ice beast disappears in a puff of smoke!
Urug throws a javelin.
The javelin pierces through you!
Urug throws a javelin.
The javelin pierces through you!
Your ice beast hits the yak but does no damage.
Your ice beast hits the yak but does no damage.
As you read the scroll of teleportation, it crumbles to dust.
You feel strangely unstable.
Urug throws a javelin.
The javelin pierces through your ice beast!
The javelin pierces through the yak!!
The javelin pierces through you!!
* * * LOW HITPOINT WARNING * * *
The yak attacks as it pursues you! The yak gores you!
You die...

###......##
##.#........
#...........
###...........
###.............
##...............
#................
##...Y............
####....#.Y@...#.....
#.#..o####...### ...
#....#.# ##..# #
####....### #..#
##......## #..#
#........# ##.#
###..P...## #.#
##.###..## #.# ## ###
##.o#####.## ..# .


You could see a yak (ally target) and a friendly ice beast (summoned).

Vanquished Creatures
  2 yaks (D:10)
  A black bear (D:5)
  A sky beast (D:5)
  An orc warrior (D:9)
  A lemure (D:6)
  4 scorpions
  A gnoll sergeant (D:7)
  A howler monkey (D:7)
  3 hounds
  3 orc priests
  6 orc wizards
  2 iguanas (D:4)
  9 gnolls
  9 adders
  7 river rats
  A shadow imp (D:4)
  2 ufetubi
  6 worms
  2 dart slugs
  19 orcs
  3 bats
  3 endoplasms
  2 giant cockroaches (D:3)
  8 goblins
  2 hobgoblins
  7 jackals
  17 kobolds
  2 quokkas
  10 ball pythons
  4 frilled lizards
  6 rats
  A rat zombie (Ossuary)
  A butterfly (D:4)
147 creatures vanquished.

Vanquished Creatures (collateral kills)
  A two-headed ogre (D:9)
  Pikel (D:6)
  2 wyverns
  8 yaks
  A steam dragon (D:6)
  2 water moccasins (D:8)
  A black bear (D:7)
  2 orc warriors (D:9)
  3 centaurs (D:9)
  3 kobold brigands
  2 elf zombies (Ossuary)
  2 bullfrogs
  A scorpion (D:7)
  A howler monkey (D:9)
  2 centaur zombies (Ossuary)
  3 human zombies (Ossuary)
  Crazy Yiuf (D:2)
  5 orc priests
  A jelly (D:6)
  A sleepcap (D:6)
  An orc wizard (D:9)
  2 mummies (Ossuary)
  6 gnolls
  2 shadow imps (D:8)
  4 white imps
  An adder zombie (Ossuary)
  17 orcs
  11 kobolds
  A goblin zombie (Ossuary)
  6 hobgoblin zombies (Ossuary)
  A jackal zombie (Ossuary)
  8 kobold zombies (Ossuary)
  11 orc zombies (Ossuary)
  A rat zombie (Ossuary)
115 creatures vanquished.

Vanquished Creatures (others)
  An orc wizard (D:9)
1 creature vanquished.

Grand Total: 263 creatures vanquished

Notes
Turn   | Place    | Note
-------+----------+-------------------------------------------
     0 | D:1      | Scaretemple the Octopode Ice Elementalist began the quest
                  | for the Orb.
     0 | D:1      | Reached XP level 1. HP: 11/11 MP: 3/3
   130 | D:2      | Reached XP level 2. HP: 9/17 MP: 1/5
   181 | D:1      | Found Moasouni's Distillery.
   376 | D:1      | Reached XP level 3. HP: 10/21 MP: 1/6
   666 | D:1      | Found a faded altar of an unknown god.
   903 | D:2      | You fall into a shaft and drop 2 floors!
   927 | D:5      | Entered Level 5 of the Dungeon
   985 | D:4      | Noticed a phantom
  1155 | D:4      | Found a staircase to the Ecumenical Temple.
  1162 | D:4      | Noticed a scorpion
  1170 | Temple   | Entered the Ecumenical Temple
  1176 | Temple   | Became a worshipper of Vehumet
  1202 | D:4      | Killed a scorpion
  1203 | D:4      | Reached skill level 5 in Ice Magic
  1203 | D:4      | Reached XP level 4. HP: 7/27 MP: 1/7
  1384 | D:4      | Reached XP level 5. HP: 31/31 MP: 5/8
  1403 | D:5      | Noticed a sky beast
  1498 | D:4      | Reached skill level 6 in Ice Magic
  1628 | D:2      | Found a stormy altar of Qazlal.
  1676 | D:3      | Found an iron altar of Okawaru.
  1827 | D:3      | Found a glowing drain.
  1833 | Sewer    | Entered a sewer
  2033 | Sewer    | Reached skill level 1 in Fighting
  2094 | Sewer    | Reached * piety under Vehumet
  2094 | Sewer    | Offered knowledge of Shock by Vehumet.
  2100 | Sewer    | Learned a level 4 spell: Summon Ice Beast
  2209 | Sewer    | Reached XP level 6. HP: 38/38 MP: 9/11
  3070 | D:3      | Found an ancient bone altar of Kikubaaqudgha.
  3509 | D:2      | Found a runed translucent door.
  3510 | D:2      | Noticed Crazy Yiuf
  3832 | D:2      | Reached skill level 1 in Summonings
  3833 | D:2      | Upgraded the game from 0.31-a0-868-g674d60d to
                  | 0.31-a0-873-ga0274b3
  4242 | D:2      | Killed Crazy Yiuf
  4718 | D:4      | Upgraded the game from 0.31-a0-873-ga0274b3 to
                  | 0.31-a0-875-g02e7d12
  4758 | D:4      | Reached XP level 7. HP: 27/43 MP: 6/13
  5330 | D:4      | Offered knowledge of Foxfire by Vehumet.
  5334 | D:4      | Reached ** piety under Vehumet
  5773 | D:5      | Found a white marble altar of Elyvilon.
  5800 | D:5      | Reached skill level 5 in Summonings
  6072 | D:5      | Reached XP level 8. HP: 30/48 MP: 8/14
  6273 | D:5      | Found a hide-covered altar of Uskayaw.
  6765 | D:6      | Noticed Pikel
  6776 | D:6      | Killed Pikel
  6777 | D:6      | Reached skill level 8 in Ice Magic
  7369 | D:7      | Noticed Menkaure
  7796 | D:8      | Reached skill level 9 in Ice Magic
  7796 | D:8      | Reached XP level 9. HP: 53/53 MP: 12/15
  7809 | D:8      | Found a sand-covered staircase.
  7837 | Ossuary  | Entered an ossuary
  7948 | Ossuary  | Offered knowledge of Momentum Strike by Vehumet.
  8198 | Ossuary  | Reached *** piety under Vehumet
  8293 | Ossuary  | Reached skill level 5 in Spellcasting
  8982 | D:7      | Offered knowledge of Fulminant Prism by Vehumet.
  9410 | D:1      | Bought a potion of mutation for 104 gold pieces
  9410 | D:1      | Bought a potion of curing for 39 gold pieces
 10726 | D:8      | Reached skill level 5 in Stealth
 10859 | D:8      | Reached XP level 10. HP: 60/60 MP: 4/19
 11049 | D:9      | Reached **** piety under Vehumet
 11394 | D:8      | Found a glowing golden altar of the Shining One.
 11405 | D:8      | Found a shimmering blue altar of Sif Muna.
 11769 | D:9      | Offered knowledge of Sticky Flame by Vehumet.
 12206 | D:9      | Noticed a two-headed ogre
 12233 | D:9      | Killed a two-headed ogre
 12234 | D:9      | Reached skill level 10 in Ice Magic
 12238 | D:9      | Learned a level 3 spell: Frozen Ramparts
 12242 | D:9      | Learned a level 3 spell: Ozocubu's Armour
 12375 | D:10     | Entered Level 10 of the Dungeon
 12953 | D:8      | Reached skill level 5 in Dodging
 13102 | D:9      | Found a staircase to the Lair.
 13272 | Lair:1   | Entered Level 1 of the Lair of Beasts
 13448 | Lair:1   | Noticed Urug
 13469 | Lair:1   | Slain by a yak

Illustrated notes

Levels and vault maps discovered:
D:1:      ldierk_walled_garden, layout_rooms, serial_shops,
          nicolae_shop_tiny_waterfront, shapermc_ecumenical_altar_totnotflames
D:2:      layout_basic, basic_altar, minmay_misc_feat_square,
          uniq_crazy_yiuf_cottage
D:3:      layout_rooms, lemuel_tele_altar, okawaru_metal_pillars_3,
          gup_sewer_entry_bubbles, saegor_snake_ambush
D:4:      layout_basic, minmay_temple_entry_butterflies,
          chequers_serial_rivers_micro_d
D:5:      minmay_general_purpose_star, layout_cave_pools, lemuel_crystal_altar,
          eat_drink_and_be_merry_uskayaw
D:6:      layout_basic, uniq_pikel
D:7:      layout_basic, amcnicky_mini_corridor_feature, uniq_menkaure
D:8:      layout_loops_cross, amethyst_overflow_temple_binary,
          nicolae_ossuary_entry_ruins, grunt_ministairs_9, serial_bayou_pond_c
D:9:      corexii_shack_village, layout_long_grid, lair_entry_dummy
D:10:     layout_rooms, serial_shops, nicolae_shop_bloodbath_and_beyond
Temple:   kb_temple_of_zot
Lair:1:   layout_layer_cave, serial_bayou_pond_c, uniq_gastronok, uniq_urug

Skill      XL: |  1  2  3  4  5  6  7  8  9 10 |
---------------+-------------------------------+-----
Stealth        | 3 5 7 |  7.1
Ice Magic      | 5 6 9 10 | 10.5
Spellcasting   | 3 4 6 |  6.3
Fighting       | 1 2 |  2.0
Summonings     | 2 5 6 7 8 |  8.0
Dodging        | 4 5 |  5.9

Action                     |  1- 3 |  4- 6 |  7- 9 | 10-12 || total
---------------------------+-------+-------+-------+-------++-------
  Melee: Unarmed           |    27 |    74 |       |       ||   101
         Constrict         |     8 |    27 |     4 |     4 ||    43
         Tentacles         |     6 |    27 |     5 |     2 ||    40
         Staff             |       |    14 |    19 |    10 ||    43
   Cast: Freeze            |    34 |   115 |   111 |    13 ||   273
         Summon Ice Beast  |       |     1 |    49 |    33 ||    83
         Frozen Ramparts   |       |       |       |     2 ||     2
    Use: Scroll            |       |     1 |    14 |     1 ||    16
         Potion            |       |     1 |     8 |     1 ||    10
   Stab: Sleeping          |       |     3 |       |     4 ||     7
 Armour: Skin              |    20 |    71 |   100 |    25 ||   216
  Dodge: Dodged            |    39 |    96 |   110 |    24 ||   269
  Block: Other             |       |       |       |    11 ||    11
         Reflection        |       |       |       |     4 ||     4

Table legend: (Time is in decaauts)
 A = Elapsed time spent in this place.
 B = Non-inter-level travel time spent in this place.
 C = Inter-level travel time spent in this place.
 D = Time resting spent in this place.
 E = Time spent auto-exploring this place.
 F = Levels seen in this place.
 G = Mean time per level.
                   A        B        C        D        E       F      G
               +--------+--------+--------+--------+--------+-----+--------+
         Total |  13475 |   8579 |   4896 |   2785 |   2119 |  14 |  962.5 |
       Dungeon |  11722 |   6977 |   4745 |   2396 |   2109 |  10 | 1172.2 |
        Temple |     10 |      2 |      8 |      0 |      0 |   1 |   10.0 |
          Lair |    196 |     53 |    143 |      0 |      0 |   1 |  196.0 |
         Sewer |    900 |    900 |      0 |    272 |     10 |   1 |  900.0 |
       Ossuary |    644 |    644 |      0 |    117 |      0 |   1 |  644.0 |
               +--------+--------+--------+--------+--------+-----+--------+

Top non-repeatable levels by time:
     D:4: 1748 daAuts
     D:9: 1577 daAuts
     D:6: 1567 daAuts
     D:5: 1343 daAuts
     D:2: 1306 daAuts
     D:8: 1266 daAuts
     D:7: 1075 daAuts
     D:3: 916 daAuts
     D:1: 901 daAuts
   Sewer: 900 daAuts
 Ossuary: 644 daAuts
  Lair:1: 196 daAuts
    D:10: 20 daAuts
  Temple: 10 daAuts
